SAA
ST. PETERSBURG THUNDER @ CASPER GHOSTS
05/18/2042
 
TOP OF THE 1ST
St. Petersburg Thunder batting - Pitching for Casper Ghosts : LHP Jordon Glen Anderson
Pitching: LHP Jordon Glen Anderson
Batting: LHB Lorenzo Ortíz 0-0: Ball
1-0: Foul Ball, location: 2F
1-1: Called Strike
1-2: Ball
2-2: Strikes out swinging
Batting: RHB Alfred Coleman 0-0: Ball
1-0: Swinging Strike
1-1: Called Strike
1-2: Ball
2-2: Foul Ball, location: 2F
2-2: Foul Ball, location: 2F
2-2: Ball
3-2: Ground out 6-3 (Groundball, 56, EV 86.2 MPH)
Batting: RHB Gene Blanton 0-0: Called Strike
0-1: Called Strike
0-2: Ball
1-2: Strikes out swinging
Top of the 1st over - 0 runs, 0 hits, 0 errors, 0 left on base; St. Petersburg 0 - Casper 0
BOTTOM OF THE 1ST
Casper Ghosts batting - Pitching for St. Petersburg Thunder : LHP Bhagavan Antle
Pitching: LHP Bhagavan Antle
Batting: RHB Thinley Tshering 0-0: Called Strike
0-1: Ground out 3-1 (Groundball, 34, EV 96.2 MPH)
Batting: RHB Joe Havermeyer 0-0: Ball
1-0: Foul Ball, location: 2F
1-1: Ball
2-1: Foul Ball, location: 2F
2-2: Ground out 6-3 (Groundball, 6, EV 89.4 MPH)
Batting: RHB Izaak Gerkis 0-0: Called Strike
0-1: SINGLE (Groundball, 3D, EV 102.5 MPH)
Batting: RHB Ramiro Castillo 0-0: Ball
1-0: Ball
2-0: Foul Ball, location: 2F
2-1: Swinging Strike
2-2: SINGLE (Line Drive, 9S, EV 103.8 MPH)
Izaak Gerkis to second
Batting: RHB Bill Wells 0-0: Foul Ball, location: 2F
0-1: Called Strike
0-2: Ball
1-2: Foul Ball, location: 2F
1-2: Foul Ball, location: 2F
1-2: Ball
2-2: Fly out, F3 (Popup, 3, EV 75.0 MPH)
Bottom of the 1st over - 0 runs, 2 hits, 0 errors, 2 left on base; St. Petersburg 0 - Casper 0
TOP OF THE 2ND
St. Petersburg Thunder batting - Pitching for Casper Ghosts : LHP Jordon Glen Anderson
Batting: RHB António Hierro 0-0: Swinging Strike
0-1: Ball
1-1: DOUBLE (Line Drive, 8LXD, EV 100.6 MPH)
Batting: RHB Patrício Gerardes 0-0: Ball
1-0: Swinging Strike
1-1: Called Strike
1-2: Strikes out swinging
Batting: RHB Curtis Tiger 0-0: Ball
1-0: Fly out, F8 (Line Drive, 8LD, EV 100.6 MPH)
Batting: RHB Kiyohira Kan 0-0: Ball
1-0: Foul Ball, location: 2F
1-1: Swinging Strike
1-2: Foul Ball, location: 2F
1-2: Foul Ball, location: 2F
1-2: Fly out, F8 (Flyball, 8RD, EV 93.1 MPH)
Top of the 2nd over - 0 runs, 1 hit, 0 errors, 1 left on base; St. Petersburg 0 - Casper 0
BOTTOM OF THE 2ND
Casper Ghosts batting - Pitching for St. Petersburg Thunder : LHP Bhagavan Antle
Batting: RHB Bogdan Lissenberg 0-0: Swinging Strike
0-1: Swinging Strike
0-2: Ball
1-2: Foul Ball, location: 2F
1-2: Foul Ball, location: 2F
1-2: Foul Ball, location: 2F
1-2: Ball
2-2: Foul Ball, location: 2F
2-2: Ball
3-2: SINGLE (Groundball, 34D, EV 95.0 MPH)
Batting: RHB Tony Wood 0-0: Called Strike
0-1: Called Strike
0-2: Ball
1-2: TRIPLE (Flyball, 89XD, EV 104.4 MPH)
Bogdan Lissenberg scores
Batting: RHB Teok-kyu Pak 0-0: Ball
1-0: Foul Ball, location: 2F
1-1: Called Strike
1-2: Strikes out swinging
Batting: LHB General Booty 0-0: Ball
1-0: Swinging Strike
1-1: Called Strike
1-2: Ball
2-2: Ball
3-2: Ground out U3 (Groundball, 3, EV 107.5 MPH)
Batting: RHB Thinley Tshering 0-0: Foul Ball, location: 2F
0-1: Ground out U3 (Groundball, 3L, EV 85.0 MPH)
Bottom of the 2nd over - 1 run, 2 hits, 0 errors, 1 left on base; St. Petersburg 0 - Casper 1
TOP OF THE 3RD
St. Petersburg Thunder batting - Pitching for Casper Ghosts : LHP Jordon Glen Anderson
Batting: RHB David Filmer 0-0: Called Strike
0-1: Ball
1-1: SINGLE (Groundball, 6MD, EV 99.4 MPH)
Batting: SHB Tekkan Hayagawa 0-0: Called Strike
0-1: Fielders Choice at 2nd, 6-4 (Groundball, 56, EV 87.5 MPH)
Batting: LHB Lorenzo Ortíz 0-0: Foul Ball, location: 2F
0-1: Foul Ball, location: 2F
0-2: Foul Ball, location: 2F
0-2: Ball
1-2: Ball
2-2: SINGLE (Line Drive, 56, EV 100.6 MPH)
Tekkan Hayagawa to second
Batting: RHB Alfred Coleman 0-0: Ball
1-0: Grounds into double play, 5-4-3 (Groundball, 56, EV 108.1 MPH)
Top of the 3rd over - 0 runs, 2 hits, 0 errors, 1 left on base; St. Petersburg 0 - Casper 1
BOTTOM OF THE 3RD
Casper Ghosts batting - Pitching for St. Petersburg Thunder : LHP Bhagavan Antle
Batting: RHB Joe Havermeyer 0-0: Fly out, F9 (Flyball, 9, EV 90.6 MPH)
Batting: RHB Izaak Gerkis 0-0: Ball
1-0: Ground out 5-3 (Groundball, 5, EV 85.6 MPH)
Batting: RHB Ramiro Castillo 0-0: Fly out, F9 (Line Drive, 9D, EV 105.6 MPH)
Bottom of the 3rd over - 0 runs, 0 hits, 0 errors, 0 left on base; St. Petersburg 0 - Casper 1
TOP OF THE 4TH
St. Petersburg Thunder batting - Pitching for Casper Ghosts : LHP Jordon Glen Anderson
Batting: RHB Gene Blanton 0-0: Reached on error, E5 (Groundball, 5, EV 76.9 MPH)
Batting: RHB António Hierro 0-0: Fielders Choice at 2nd, 6-4 (Groundball, 6M, EV 88.1 MPH)
Batting: RHB Patrício Gerardes 0-0: Called Strike
0-1: Ball
1-1: Called Strike
1-2: Fly out, F8 (Flyball, 8RD, EV 85.6 MPH)
Batting: RHB Curtis Tiger 0-0: Called Strike
0-1: Ground out 4-3 (Groundball, 34, EV 107.5 MPH)
Top of the 4th over - 0 runs, 0 hits, 1 error, 1 left on base; St. Petersburg 0 - Casper 1
BOTTOM OF THE 4TH
Casper Ghosts batting - Pitching for St. Petersburg Thunder : LHP Bhagavan Antle
Batting: RHB Bill Wells 0-0: Ball
1-0: Called Strike
1-1: Ground out 2-3 (Groundball, 2L, EV 63.8 MPH)
Batting: RHB Bogdan Lissenberg 0-0: Ball
1-0: Called Strike
1-1: Swinging Strike
1-2: Fly out, F3 (Popup, 34, EV 54.4 MPH)
Batting: RHB Tony Wood 0-0: Ball
1-0: Ball
2-0: Called Strike
2-1: SINGLE (Groundball, 5, EV 79.4 MPH) (infield hit)
Batting: RHB Teok-kyu Pak 0-0: Swinging Strike
0-1: Ball
1-1: Ball
2-1: Foul Ball, location: 2F
2-2: Foul Ball, location: 2F
2-2: Single, Error in OF, E8, batter to second base (Groundball, 6MD, EV 105.0 MPH)
Tony Wood to third
Batting: LHB General Booty 0-0: Called Strike
0-1: Ball
1-1: Ball
2-1: Called Strike
2-2: Fly out, F9 (Flyball, 9LSF, EV 85.6 MPH)
Bottom of the 4th over - 0 runs, 2 hits, 1 error, 2 left on base; St. Petersburg 0 - Casper 1
TOP OF THE 5TH
St. Petersburg Thunder batting - Pitching for Casper Ghosts : LHP Jordon Glen Anderson
Batting: RHB Kiyohira Kan 0-0: Swinging Strike
0-1: Swinging Strike
0-2: Foul Ball, location: 2F
0-2: Strikes out swinging
Batting: RHB David Filmer 0-0: Ball
1-0: Called Strike
1-1: Reached on error, E5 (Groundball, 5, EV 105.6 MPH)
Batting: SHB Tekkan Hayagawa 0-0: Called Strike
0-1: Foul Ball, location: 2F
0-2: Ball
1-2: SINGLE (Groundball, 6, EV 83.1 MPH) (infield hit)
David Filmer to second
Batting: LHB Lorenzo Ortíz 0-0: Ball
1-0: Foul Ball, location: 2F
1-1: Ball
2-1: Foul Ball, location: 2F
2-2: Fly out, F8 (Flyball, 8RD, EV 91.2 MPH)
Runner from 2nd tags up, SAFE at 3rd with throw by CF
Batting: RHB Alfred Coleman 0-0: Called Strike
0-1: Ball
1-1: Foul Ball, location: 2F
1-2: Foul Ball, location: 2F
1-2: Foul Ball, location: 2F
1-2: Foul Ball, location: 2F
1-2: Ball
2-2: Foul Ball, location: 2F
2-2: SINGLE (Groundball, 6MD, EV 101.2 MPH)
David Filmer scores
Tekkan Hayagawa to second
Batting: RHB Gene Blanton 0-0: Ball
1-0: Foul Ball, location: 2F
1-1: Foul Ball, location: 2F
1-2: Foul Ball, location: 2F
1-2: Ball
2-2: 3-RUN HOME RUN (Flyball, 8RXD, EV 104.4 MPH), Distance : 451 ft
Batting: RHB António Hierro 0-0: Swinging Strike
0-1: Swinging Strike
0-2: Ball
1-2: Strikes out swinging
Top of the 5th over - 4 runs, 3 hits, 1 error, 0 left on base; St. Petersburg 4 - Casper 1
BOTTOM OF THE 5TH
Casper Ghosts batting - Pitching for St. Petersburg Thunder : LHP Bhagavan Antle
Batting: RHB Thinley Tshering 0-0: Ball
1-0: SINGLE (Groundball, 34D, EV 98.1 MPH)
Batting: RHB Joe Havermeyer 0-0: Ball
Thinley Tshering is caught stealing 2nd base 2-4
1-0: Called Strike
1-1: Swinging Strike
1-2: Ball
2-2: Foul Ball, location: 2F
2-2: Foul Ball, location: 2F
2-2: Fly out, F8 (Flyball, 8RS, EV 90.6 MPH)
Batting: RHB Izaak Gerkis 0-0: Ball
1-0: Ball
2-0: Swinging Strike
2-1: Ground out 5-3 (Groundball, 5, EV 105.0 MPH)
Bottom of the 5th over - 0 runs, 1 hit, 0 errors, 0 left on base; St. Petersburg 4 - Casper 1
TOP OF THE 6TH
St. Petersburg Thunder batting - Pitching for Casper Ghosts : LHP Jordon Glen Anderson
Batting: RHB Patrício Gerardes 0-0: Ball
1-0: Ball
2-0: Ball
3-0: Base on Balls
Batting: RHB Curtis Tiger 0-0: Swinging Strike
0-1: Ball
1-1: Swinging Strike
1-2: Fly out, F3 (Popup, 3SF, EV 78.8 MPH)
Batting: RHB Kiyohira Kan 0-0: Called Strike
0-1: Ball
1-1: Swinging Strike
1-2: Strikes out swinging
Batting: RHB David Filmer 0-0: Called Strike
0-1: Ball
1-1: Called Strike
1-2: Ball
2-2: Fly out, F7 (Flyball, 7S, EV 92.5 MPH)
Top of the 6th over - 0 runs, 0 hits, 0 errors, 1 left on base; St. Petersburg 4 - Casper 1
BOTTOM OF THE 6TH
Casper Ghosts batting - Pitching for St. Petersburg Thunder : LHP Bhagavan Antle
Batting: RHB Ramiro Castillo 0-0: Ball
1-0: Ball
2-0: SINGLE (Line Drive, 89M, EV 93.8 MPH)
Batting: RHB Bill Wells 0-0: Called Strike
0-1: Ball
1-1: Foul Ball, location: 2F
1-2: Ball
2-2: Foul Ball, location: 2F
2-2: Ball
3-2: Strikes out looking
Pitching: RHP César Castillo
Batting: RHB Bogdan Lissenberg 0-0: Ball
1-0: Called Strike
1-1: Ball
2-1: Fly out, F7 (Line Drive, 7D, EV 95.0 MPH)
Batting: RHB Tony Wood 0-0: Swinging Strike
0-1: Ball
1-1: Ball
2-1: Ball
3-1: Called Strike
3-2: SINGLE (Line Drive, 6D, EV 100.6 MPH)
Ramiro Castillo to second
Ramiro Castillo to third
Batting: RHB Teok-kyu Pak 0-0: Swinging Strike
0-1: Ball
1-1: Ball
2-1: Foul Ball, location: 2F
2-2: Strikes out looking
Bottom of the 6th over - 0 runs, 2 hits, 0 errors, 2 left on base; St. Petersburg 4 - Casper 1
TOP OF THE 7TH
St. Petersburg Thunder batting - Pitching for Casper Ghosts : LHP Jordon Glen Anderson
Batting: SHB Tekkan Hayagawa 0-0: Foul Ball, location: 2F
0-1: Foul Ball, location: 2F
0-2: Ground out 1-3 (Groundball, 25, EV 88.1 MPH)
Batting: LHB Lorenzo Ortíz 0-0: Ball
1-0: Swinging Strike
1-1: Ground out 1-3 (Groundball, 34S, EV 88.8 MPH)
Batting: RHB Alfred Coleman 0-0: Foul Ball, location: 2F
0-1: SINGLE (Groundball, 6, EV 82.5 MPH) (infield hit)
Pitching: RHP Darrell Bannatyne
Batting: RHB Gene Blanton 0-0: Called Strike
0-1: SINGLE (Groundball, 6, EV 89.4 MPH) (infield hit)
Alfred Coleman to second
Batting: RHB António Hierro 0-0: Ball
1-0: Called Strike
1-1: Fly out, F7 (Line Drive, 7, EV 91.2 MPH)
Top of the 7th over - 0 runs, 2 hits, 0 errors, 2 left on base; St. Petersburg 4 - Casper 1
BOTTOM OF THE 7TH
Casper Ghosts batting - Pitching for St. Petersburg Thunder : RHP César Castillo
Batting: LHB General Booty 0-0: Ball
1-0: Ball
2-0: Ball
3-0: Fly out, F7 (Flyball, 7S, EV 82.5 MPH)
Batting: RHB Thinley Tshering 0-0: Ball
1-0: Swinging Strike
1-1: Ball
2-1: Fly out, F8 (Line Drive, 8LM, EV 108.8 MPH)
Batting: RHB Joe Havermeyer 0-0: Ball
1-0: Fly out, F8 (Flyball, 8LM, EV 83.1 MPH)
Bottom of the 7th over - 0 runs, 0 hits, 0 errors, 0 left on base; St. Petersburg 4 - Casper 1
TOP OF THE 8TH
St. Petersburg Thunder batting - Pitching for Casper Ghosts : RHP Darrell Bannatyne
Batting: RHB Patrício Gerardes 0-0: Ball
1-0: SINGLE (Groundball, 6, EV 83.1 MPH) (infield hit)
Batting: RHB Curtis Tiger 0-0: Foul Ball, location: 2F
0-1: Ball
1-1: Called Strike
1-2: Ball
2-2: SINGLE (Groundball, 56S, EV 66.9 MPH) (infield hit)
Patrício Gerardes to second
Batting: RHB Kiyohira Kan 0-0: Ball
1-0: Sac Bunt to 13S - play at first, batter OUT! 1-4
Patrício Gerardes to third
Curtis Tiger to second
Batting: RHB David Filmer 0-0: Ground out 6-3 (Groundball, 6M, EV 103.1 MPH)
Patrício Gerardes scores
Curtis Tiger to third
Batting: SHB Tekkan Hayagawa 0-0: SINGLE (Line Drive, 6D, EV 97.5 MPH)
Curtis Tiger scores
Batting: LHB Lorenzo Ortíz 0-0: Called Strike
0-1: Swinging Strike
0-2: Fielders Choice at 2nd, 6-4 (Groundball, 6, EV 77.5 MPH)
Top of the 8th over - 2 runs, 3 hits, 0 errors, 1 left on base; St. Petersburg 6 - Casper 1
BOTTOM OF THE 8TH
Casper Ghosts batting - Pitching for St. Petersburg Thunder : RHP César Castillo
Batting: RHB Izaak Gerkis 0-0: Foul Ball, location: 2F
0-1: Foul Ball, location: 2F
0-2: Ball
1-2: Ball
2-2: Fly out, F8 (Flyball, 8LXD, EV 93.1 MPH)
Batting: RHB Ramiro Castillo 0-0: Called Strike
0-1: Called Strike
0-2: Ball
1-2: Ball
2-2: Foul Ball, location: 2F
2-2: Fly out, F8 (Flyball, 8LXD, EV 102.5 MPH)
Batting: RHB Bill Wells 0-0: Ball
1-0: Ball
2-0: Called Strike
2-1: Foul Ball, location: 2F
2-2: Foul Ball, location: 2F
2-2: Foul Ball, location: 2F
2-2: SINGLE (Line Drive, 7LS, EV 99.4 MPH)
Batting: RHB Bogdan Lissenberg 0-0: Called Strike
0-1: Ball
1-1: SINGLE (Flyball, 7LS, EV 89.4 MPH)
Bill Wells to second
Batting: RHB Tony Wood 0-0: Called Strike
0-1: Ball
1-1: Ground out U3 (Groundball, 34, EV 84.4 MPH)
Bottom of the 8th over - 0 runs, 2 hits, 0 errors, 2 left on base; St. Petersburg 6 - Casper 1
TOP OF THE 9TH
St. Petersburg Thunder batting - Pitching for Casper Ghosts : RHP Darrell Bannatyne
Pitching: RHP Lucas Gameiro
Batting: RHB Alfred Coleman 0-0: Called Strike
0-1: Ball
1-1: Swinging Strike
1-2: Foul Ball, location: 2F
1-2: Ball
2-2: Ball
3-2: Fly out, F9 (Flyball, 9D, EV 105.6 MPH)
Batting: RHB Gene Blanton 0-0: Called Strike
0-1: Swinging Strike
0-2: Fly out, F7 (Flyball, 7, EV 88.1 MPH)
Batting: RHB António Hierro 0-0: Ball
1-0: Ball
2-0: Ground out 6-3 (Groundball, 6, EV 103.8 MPH)
Top of the 9th over - 0 runs, 0 hits, 0 errors, 0 left on base; St. Petersburg 6 - Casper 1
BOTTOM OF THE 9TH
Casper Ghosts batting - Pitching for St. Petersburg Thunder : RHP César Castillo
Batting: RHB Teok-kyu Pak 0-0: Ball
1-0: Foul Ball, location: 2F
1-1: SINGLE (Groundball, 56D, EV 103.8 MPH)
Pitching: LHP Gabriel Leeds
Batting: LHB General Booty 0-0: Called Strike
0-1: Called Strike
0-2: Foul Ball, location: 2F
0-2: Foul Ball, location: 2F
0-2: Fly out, F9 (Flyball, 89M, EV 74.4 MPH)
Batting: RHB Thinley Tshering 0-0: Ball
1-0: Called Strike
1-1: Grounds into double play, 6-4-3 (Groundball, 6, EV 81.9 MPH)
Bottom of the 9th over - 0 runs, 1 hit, 0 errors, 0 left on base; St. Petersburg 6 - Casper 1
Friday, March 26th, 2021 - OOTP Baseball 20.8 Build 74